AoeStats
← Shredded_Pork

Arena

506667314Analyzed
4v4 RM · 18d ago on Sep 14, 2026· 82m 52s· 8 players
Game mode
Random Map
Map size
Large (8 player)
Population
200
Speed
Normal
Resources
Standard
Victory
Conquest
Starting age
Dark Age
Ending age
Imperial Age
RankedLock teamsTeams togetherTeam positionsShared explorationLock speedFull tech treeHidden civsTurbo modeCheats
Victory
Defeat
752
+15
🇹🇷 Slavs · Türkiye
732
+16
🇵🇪 Khmer · Peru
710
+17
🇺🇸 Mongols · United States
703
+17
🇧🇷 Britons · Brazil
778
-29
🇨🇳 Romans · China
746
-17
🇦🇷 Celts · Argentina
695
-15
🇦🇷 Maya · Argentina
677
-14
lIlKIKOlIl
0:29 Loom
11:51 Feudal Age
13:08 Wheelbarrow
12:43 Horse Collar
12:51 Double-Bit Axe
19:56 Castle Age
21:05 Hand Cart
21:33 Heavy Plow
21:46 Bow Saw
32:07 Gold Mining
32:08 Stone Mining
33:27 Gold Shaft Mining
36:30 Imperial Age
33:52 Town Watch
34:56 Forging
34:46 Scale Mail Armor
34:52 Town Patrol
35:10 Caravan
35:24 Man-at-Arms
36:04 Squires
36:44 Iron Casting
36:17 Detinets
36:50 Chain Mail Armor
36:04 Long Swordsman
37:37 Conscription
37:27 Druzhina
36:54 Two-Handed Swordsman
38:52 Blast Furnace
37:40 Champion
39:41 Plate Mail Armor
50:57 Crop Rotation
51:30 Two-Man Saw
58:10 Elite Boyar
59:00 Scale Barding Armor
60:39 Bloodlines
60:30 Husbandry
60:53 Chain Barding Armor
62:09 Plate Barding Armor
70:23 Fletching
72:30 Pikeman
72:34 Light Cavalry
72:35 Cavalier
73:40 Sanctity
73:16 Herbal Medicine
73:22 Devotion
73:58 Theocracy
73:39 Block Printing
73:50 Illumination
73:25 Atonement
73:36 Redemption
73:52 Ballistics
73:42 Clinker Construction
73:43 Careening
73:24 Guard Tower
73:30 Murder Holes
73:40 Siege Engineers
73:46 Fortified Wall
74:37 Chemistry
73:48 Masonry
74:17 Hoardings
73:13 Sappers
74:11 Halberdier
74:15 Hussar
75:02 Bodkin Arrow
75:07 Padded Archer Armor
77:33 Capped Ram
77:34 Onager
77:35 Heavy Scorpion
78:39 Faith
78:43 Carvel Hull
78:43 Dry Dock
77:50 Crossbowman
77:50 Elite Skirmisher
77:51 Heavy Cavalry Archer
79:05 Siege Ram
Kevin FZ3252
10:23 Feudal Age
14:28 Castle Age
12:16 Double-Bit Axe
12:59 Horse Collar
20:11 Horse Collar
22:53 Bow Saw
22:48 Heavy Plow
22:48 Stone Mining
25:35 Stone Shaft Mining
24:55 Gold Mining
30:02 Ballistics
30:40 Wheelbarrow
33:54 Imperial Age
31:45 Hand Cart
33:28 Padded Archer Armor
33:18 Fletching
34:19 Husbandry
34:31 Bloodlines
35:10 Leather Archer Armor
34:50 Bodkin Arrow
35:07 Scale Barding Armor
35:13 Forging
36:00 Gold Shaft Mining
35:13 Capped Ram
35:25 Heavy Camel Rider
37:24 Chemistry
36:05 Elite Mangudai
37:09 Drill
36:50 Nomads
36:57 Siege Ram
37:02 Onager
39:51 Conscription
41:55 Bracer
42:07 Siege Engineers
42:27 Chain Barding Armor
42:44 Iron Casting
42:03 Light Cavalry
43:16 Siege Onager
44:03 Scale Mail Armor
44:12 Hussar
64:38 Chain Mail Armor
65:31 Blast Furnace
不穿内裤真龙不被束缚
0:35 Loom
13:01 Feudal Age
17:47 Castle Age
15:49 Horse Collar
15:58 Double-Bit Axe
22:07 Stone Mining
24:42 Heavy Plow
25:56 Squires
26:51 Gold Mining
29:40 Man-at-Arms
32:10 Scale Barding Armor
32:05 Scale Mail Armor
32:16 Forging
32:01 Pikeman
32:02 Long Swordsman
33:06 Bow Saw
34:19 Chain Barding Armor
34:14 Chain Mail Armor
36:34 Gold Shaft Mining
36:38 Iron Casting
39:37 Imperial Age
40:01 Legionary
46:14 Capped Ram
52:51 Blast Furnace
57:50 Plate Barding Armor
56:58 Elite Centurion
65:23 Halberdier
72:43 Siege Ram
75:54 Wheelbarrow
76:01 Wheelbarrow
80:39 Caravan
82:58 Husbandry
83:08 Bloodlines
82:20 Cavalier
82:23 Light Cavalry
l3141516
segurancadigitaljc
14:07 Feudal Age
18:52 Castle Age
17:22 Double-Bit Axe
20:21 Wheelbarrow
19:40 Gold Mining
19:44 Stone Mining
20:21 Bow Saw
22:29 Horse Collar
28:48 Pikeman
29:29 Squires
34:21 Imperial Age
34:13 Ballistics
34:32 Capped Ram
36:47 Two-Man Saw
36:44 Padded Archer Armor
36:34 Fletching
37:52 Chemistry
37:55 Cavalier
38:59 Horse Collar
40:12 Elite Longbowman
41:58 Bodkin Arrow
42:21 Leather Archer Armor
jackattak
0:42 Loom
11:47 Feudal Age
13:56 Horse Collar
15:50 Wheelbarrow
15:38 Double-Bit Axe
23:19 Castle Age
24:56 Arson
24:31 Man-at-Arms
25:27 Forging
25:18 Scale Mail Armor
25:23 Scale Barding Armor
25:20 Padded Archer Armor
25:11 Fletching
26:38 Heavy Plow
26:32 Stone Mining
26:32 Gold Mining
27:02 Hand Cart
27:03 Pikeman
27:04 Long Swordsman
27:30 Gambesons
28:27 Iron Casting
28:11 Chain Mail Armor
28:24 Bow Saw
31:08 Gold Shaft Mining
31:09 Stone Shaft Mining
33:00 Leather Archer Armor
37:17 Imperial Age
36:05 Stronghold
39:05 Halberdier
40:55 Chemistry
40:15 Ballistics
39:46 Heated Shot
40:07 Masonry
39:38 Treadmill Crane
40:09 Fortified Wall
40:22 Chain Barding Armor
40:32 Plate Mail Armor
40:33 Ring Archer Armor
43:17 Heavy Scorpion
43:22 Capped Ram
44:53 Siege Ram
46:19 Furor Celtica
46:13 Bodkin Arrow
47:19 Blast Furnace
47:00 Hoardings
46:46 Conscription
62:16 Elite Woad Raider
80:30 Caravan
Shredded_Pork
10:47 Feudal Age
11:39 Double-Bit Axe
11:36 Horse Collar
20:25 Castle Age
18:52 Stone Mining
18:53 Gold Mining
21:56 Heavy Plow
22:09 Bow Saw
23:42 Gold Shaft Mining
33:27 Imperial Age
32:15 Wheelbarrow
31:50 Squires
31:10 Man-at-Arms
32:18 Scale Mail Armor
32:28 Forging
32:08 Fletching
33:16 Hand Cart
33:23 Chain Mail Armor
33:33 Ballistics
33:56 Ballistas
34:56 Iron Casting
34:16 Bodkin Arrow
35:25 Chemistry
33:49 Long Swordsman
34:52 Conscription
33:56 Capped Ram
35:18 Crop Rotation
35:21 Comitatenses
34:43 Legionary
45:22 Masonry
48:15 Architecture
54:55 Caravan
55:22 Heavy Scorpion
70:16 Bloodlines
70:06 Husbandry
70:52 Cavalier
70:56 Light Cavalry
75:53 Blast Furnace
74:58 Scale Barding Armor
EXCELSIOR!
2:36 Loom
11:36 Feudal Age
16:09 Wheelbarrow
16:58 Double-Bit Axe
18:15 Stone Mining
19:09 Forging
24:43 Castle Age
29:30 Fortified Wall
30:43 Hand Cart
32:15 Bow Saw
33:52 Pikeman
38:53 Iron Casting
38:18 Scale Mail Armor
43:37 Imperial Age
43:15 Fletching
43:25 Padded Archer Armor
46:57 Bodkin Arrow
49:36 Chemistry
49:42 Elite Plumed Archer
51:26 Blast Furnace
52:57 Masonry
62:53 Two-Man Saw
62:18 Bracer
62:11 Town Watch
70:30 Town Patrol
Connection lost

Rejoining the realm…

Still unreachable

The connection could not be restored.

Session expired

The server has moved on; the page needs a fresh start.